 Dungeon Crawl Stone Soup version 0.29.0-11-gd7f09526c8 (webtiles) character file.

Game seed: 1053594795200726126

57321 Woods the Eclecticist (level 14, -1/82 HPs)
             Began as a Deep Elf Air Elementalist on Sept 1, 2022.
             Was the Champion of Kikubaaqudgha.
             Slain by an orc warlord
             ... wielding a +3 battleaxe
              (24 damage)
             ... on level 1 of the Orcish Mines on Sept 2, 2022.
             The game lasted 01:37:45 (28034 turns).

Woods the Eclecticist (Deep Elf Air Elementalist)  Turns: 28034, Time: 01:37:46

Health: -1/82      AC:  8    Str:  5    XL:     14   Next: 45%
Magic:  1/35       EV: 18    Int: 24    God:    Kikubaaqudgha [******]
Gold:   2273       SH:  0    Dex: 17    Spells: 12/43 levels left

rFire   . . .      SeeInvis .   P - staff of death
rCold   . . .      Faith    .   (no shield)
rNeg    + . .      Spirit   .   D - +0 steam dragon scales
rPois   .          Reflect  .   L - +2 hat
rElec   .          Harm     .   (no cloak)
rCorr   .          Rampage  .   o - +0 pair of gloves
Will    ++...                   (no boots)
Stlth   ++++++....              e - amulet of magic regeneration
HPRegen 0.23/turn               J - ring of willpower
MPRegen 0.64/turn               (no ring)

@: swift, animating dead, quick
A: no striking features
a: Renounce Religion, Unearth Wretches, Torment


You were on level 1 of the Orcish Mines.
You worshipped Kikubaaqudgha.
Kikubaaqudgha was exalted by your worship.
You visited 4 branches of the dungeon, and saw 21 of its levels.

You collected 2273 gold pieces.

Inventory:

Missiles
 w - 2 throwing nets
Armour
 o - a +0 pair of gloves (worn)
 B - an orb of light
 D - +0 steam dragon scales (worn)
 L - a +2 hat (worn)
Magical Staves
 P - a staff of death (weapon)
Jewellery
 b - the amulet of Hedghi {Rampage Regen+}
   (You found it on level 4 of the Dungeon)

   [amulet of regeneration]

   Regen:     It increases your rate of health regeneration.
   Rampage:   It bestows one free step when moving towards enemies.
 e - an amulet of magic regeneration (around neck)
 z - an amulet of guardian spirit
 A - an amulet of faith
 J - a ring of willpower (left hand)
 R - a ring of see invisible
Wands
 j - a wand of mindburst (10)
 u - a wand of polymorph (20)
 C - a wand of iceblast (15)
 E - a wand of digging (2)
 F - a wand of charming (4)
 I - a wand of light (4)
 N - a wand of flame (8)
Scrolls
 a - 2 scrolls of enchant weapon
 c - 4 scrolls of poison
 d - 2 scrolls of silence
 h - 3 scrolls of fear
 m - 3 scrolls of enchant armour
 n - 5 scrolls of butterflies
 r - 3 scrolls of immolation
 s - 2 scrolls of amnesia
 v - 4 scrolls of teleportation
 y - 2 scrolls of torment
 G - a scroll of blinking
 T - a scroll of magic mapping {unknown}
Potions
 f - a potion of magic
 g - 10 potions of curing
 i - 6 potions of heal wounds
 k - 4 potions of flight
 l - 2 potions of brilliance {unknown}
 p - 3 potions of haste
 q - 3 potions of lignification
 t - 2 potions of attraction {unknown}
 H - 3 potions of invisibility {unknown}
 K - a potion of mutation {unknown}
 M - a potion of resistance {unknown}
 O - 2 potions of might {unknown}
 S - a potion of ambrosia {unknown}
Miscellaneous
 Q - a box of beasts (inert)


   Skills:
 * Level 7.5 Fighting
 - Level 10.0 Dodging
 - Level 15.0 Stealth
 - Level 15.0 Spellcasting
 - Level 5.0 Conjurations
 - Level 13.0 Necromancy
 + Level 10.4 Air Magic
 - Level 4.0 Earth Magic
 - Level 5.0 Evocations


You had 12 spell levels left.
You knew the following spells:

 Your Spells              Type           Power      Damage    Failure   Level
b - Static Discharge      Conj/Air       53%        3-10/arc  1%          2
c - Swiftness             Air            61%        N/A       1%          3
d - Airstrike             Air            30%        2d(5-21)  1%          4
e - Vampiric Draining     Necr           88%        2d12      1%          3
f - Animate Dead          Necr           88%        N/A       1%          4
g - Anguish               Hex/Necr       32%        N/A       2%          4
h - Borgnjor's Vile Clut  Necr/Erth      36%        N/A       2%          5
i - Death Channel         Necr           44%        N/A       2%          6

Your spell library contained the following spells:

 Spells                   Type           Power      Damage    Failure   Level
 Necrotise                Necr           100%       1d9       0%          1
 Magic Dart               Conj           100%       1d8       1%          1
 Sandblast                Erth           74%        2d16      1%          1
 Shock                    Conj/Air       100%       1d9       1%          1
 Passwall                 Tmut/Erth      22%        N/A       1%          2
 Mephitic Cloud           Conj/Pois/Air  42%        N/A       1%          3
 Stone Arrow              Conj/Erth      78%        3d11      1%          3
 Dispel Undead            Necr           88%        3d28      1%          4
 Agony                    Necr           88%        N/A       1%          5
 Apportation              Tloc           36%        N/A       3%          1
 Freeze                   Ice            72%        1d9       3%          1
 Call Imp                 Summ           18%        N/A       4%          2
 Frozen Ramparts          Ice            36%        1d6       10%         3
 Ozocubu's Armour         Ice            18%        N/A       10%         3
 Hailstorm                Conj/Ice       30%        3d8       11%         4
 Simulacrum               Ice/Necr       32%        N/A       32%         6
 Alistair's Intoxication  Tmut/Pois      12%        N/A       65%         5
 Borgnjor's Revivificati  Necr           44%        N/A       69%         8
 Infestation              Necr           44%        N/A       69%         8
 Haunt                    Necr/Summ      32%        N/A       88%         7
 Enfeeble                 Hex            9%         N/A       100%        7
 Ozocubu's Refrigeration  Ice            9%         4d9       100%        7
 Necromutation            Tmut/Necr      32%        N/A       100%        8
 Death's Door             Necr           44%        N/A       100%        9


Dungeon Overview and Level Annotations

Branches:
Dungeon (13/15)            Temple (1/1) D:7            Lair (5/5) D:8
 Shoals (0/4) Lair:3       Spider (0/4) Lair:2        Slime (0/5) Lair:4
    Orc (2/2) D:10            Elf (0/3) Orc:2
 Vaults: D:13-14

Altars:
Ashenzari
Cheibriados
Dithmenos
Elyvilon
Fedhas
Gozag
Hepliaklqana
Kikubaaqudgha
Makhleb
Nemelex Xobeh
Okawaru
Qazlal
Ru
Sif Muna
Trog
Uskayaw
Vehumet
Wu Jian
Xom
Yredelemnul
Zin
The Shining One
Jiyva

Shops:
D:3 (   D:12 =

Annotations:
D:4 Grinder
Lair:1 2 transporters, GloriousHammer's ghost, novice FeSu
Lair:2 1 runed translucent door, pigah's ghost, adept OpAE
Lair:3 1 runed translucent door


Message History

The orc goes into a battle-frenzy!
The orc high priest calls upon Beogh to heal the orc warlord.
The orc warlord is healed somewhat.
The zombie hands constrict the orc high priest!!
You kill the orc high priest!
Kikubaaqudgha accepts your kill.
The zombie hands constrict the orc warlord!!
The dead are walking!
The orc warlord escapes!
Unknown command.
An orc warrior comes into view. It is wielding a +0 hand axe.
The orc completely misses you. The orc completely misses you.
Casting: Borgnjor's Vile Clutch (dangerous; 2% risk of failure)
Confirm with . or Enter, or press ? or * to list all spells.
Aiming: Borgnjor's Vile Clutch (dangerous; 2% risk of failure)
Press: ? - help, Shift-Dir - straight line You feel a surge of power!
Zombie hands grab the orc.
Zombie hands grab the orc warlord.
Zombie hands grab the orc knight.
The zombie hands constrict the orc.
The zombie hands constrict the orc warlord.
The zombie hands constrict the orc knight!
The orc knight struggles to escape constriction.
The orc closely misses you.
The orc warlord escapes!
The zombie hands release their grip on the orc.
The zombie hands release their grip on the orc knight.
The orc hits you with a +0 short sword.
The orc warlord hits you with a +3 battleaxe!
A mysterious force pulls you upwards. The hatch slams shut behind you.
Unknown command.
The orc warlord attacks as you move away!
The orc warlord hits you with a +3 battleaxe!!!
* * * LOW HITPOINT WARNING * * *
The orc barely misses you.
Casting: Borgnjor's Vile Clutch (dangerous; 2% risk of failure)
Confirm with . or Enter, or press ? or * to list all spells.
You feel quick.
The orc warlord hits you with a +3 battleaxe!!
You die...
Kikubaaqudgha rasps: "You have failed me!
Welcome... death!"

##.## ##Z.....# ##.## ##......#
##.## #....#.## ##.##
##.#....## #.## ##......## ###
.## #......#.###.## ## ###
####.............#
##.#####.##o..#..#.....##
####...#.#...o@.....#.....###
##.##.........?><............##
#...##.##.#.....#......#......#
##....................##...#.##
##.#.........[.............##
###......[......#......#.##
##.##...#..[..#.....####
#######..)..#...........#
###..##......#....^......##


You could see an orc warlord (strong) and an orc (strong).

Vanquished Creatures
  Gastronok (Lair:1)
  5 hydras
  2 boulder beetles
  A two-headed ogre (D:7)
  A catoblepas (Lair:5)
  7 death yaks (Lair:5)
  2 orc high priests (Orc:2)
  3 orc knights
  A cyclops (Orc:2)
  2 manticores
  4 elephants (Lair:5)
  3 merfolk sirens (Lair:3)
  A guardian serpent (Lair:5)
  11 black mambas
  12 cane toads
  7 komodo dragons
  2 unseen horrors
  2 rime drakes
  A polar bear (Lair:2)
  3 trolls
  A merfolk (Lair:3)
  2 hornets (Lair:5)
  8 blink frogs
  10 slime creatures
  A vampire (D:12)
  A wraith (D:11)
  17 yaks
  A shadow (D:9)
  Eustachio (D:6)
  4 basilisks
  12 wyverns
  3 fire bats (Lair:5)
  3 wargs
  4 vampire mosquitoes (D:9)
  3 steam dragons
  3 redbacks
  2 acid dragons
  18 water moccasins
  4 black bears
  9 orc warriors
  3 ice beasts
  2 ogres
  21 wolves
  2 centaurs
  A kobold brigand (D:8)
  2 phantoms
  2 gnoll sergeants
  20 bullfrogs
  A scorpion (D:5)
  5 wights (D:10)
  14 killer bees
  6 howler monkeys
  An electric eel (Lair:5)
  A jelly (D:5)
  15 orc priests
  A gnoll bouda (D:7)
  5 iguanas
  21 orc wizards
  6 hell rats (Lair:1)
  12 gnolls
  3 adders
  13 river rats (Lair:1)
  An ufetubus (D:6)
  An orc zombie (D:8)
  2 worms
  2 dart slugs
  77 orcs
  5 bats
  4 endoplasms
  5 giant cockroaches
  8 goblins
  6 hobgoblins
  9 jackals
  12 kobolds
  9 quokkas
  7 ball pythons
  6 frilled lizards
  14 rats
503 creatures vanquished.

Vanquished Creatures (collateral kills)
  2 hydras (Lair:5)
  3 death yaks (Lair:5)
  A wolf spider (Lair:5)
  An orc knight (Orc:1)
  A cyclops (D:9)
  An elephant (Lair:5)
  A black mamba (Lair:5)
  2 cane toads (Lair:4)
  2 hornets
  4 blink frogs (Lair:5)
  A dream sheep (Lair:2)
  4 wyverns (Lair:5)
  6 yaks
  A warg (Orc:1)
  2 water moccasins (Lair:5)
  3 orc warriors
  5 wolves (Lair:2)
  An ogre (Orc:1)
  3 orc wizards
  8 orcs
52 creatures vanquished.

Vanquished Creatures (others)
  An unseen horror zombie (D:9)
  An unseen horror (D:9)
  2 black mamba zombies (Lair:5)
  A slime creature zombie (D:12)
  A cane toad zombie (Lair:5)
  A water moccasin (Lair:5)
  A hornet zombie (Lair:5)
  A sky beast (D:9)
  A blink frog zombie (Lair:5)
  4 wyvern zombies
  4 water moccasin zombies
  A warg zombie (Orc:2)
  A troll zombie (Orc:1)
  A yak zombie (Lair:3)
  A killer bee (D:9)
  15 wolf zombies (Lair:2)
  A bullfrog zombie (Lair:2)
  A killer bee zombie (D:9)
  An acid dragon zombie (D:11)
  2 howler monkey zombies (D:12)
  A steam dragon zombie (Lair:2)
  A gnoll zombie (D:7)
  A goblin zombie (D:9)
  A kobold zombie (D:8)
  34 orc zombies
  114 fungi
  127 plants
321 creatures vanquished.

Grand Total: 876 creatures vanquished

Notes
Turn   | Place    | Note
-------+----------+-------------------------------------------
     0 | D:1      | Woods the Deep Elf Air Elementalist began the quest for the
                  | Orb.
     0 | D:1      | Reached XP level 1. HP: 10/10 MP: 6/6
   258 | D:1      | Reached XP level 2. HP: 15/15 MP: 6/8
   267 | D:1      | Learned a level 2 spell: Static Discharge
   868 | D:1      | Reached XP level 3. HP: 19/19 MP: 3/9
  1237 | D:2      | You fall into a shaft and drop 2 floors!
  1679 | D:2      | Learned a level 3 spell: Swiftness
  2535 | D:3      | Reached XP level 4. HP: 15/24 MP: 6/11
  2826 | D:3      | Found Hisica's Weapon Emporium.
  3268 | D:4      | Reached XP level 5. HP: 11/28 MP: 2/13
  3669 | D:4      | Identified the amulet of Hedghi {Rampage Regen+}
  3686 | D:4      | Noticed Grinder
  3863 | D:4      | Found a shimmering blue altar of Sif Muna.
  3864 | D:4      | Found an ancient bone altar of Kikubaaqudgha.
  3865 | D:4      | Found a radiant altar of Vehumet.
  3871 | D:4      | Got Vehumet's Quarto of Bolts
  4081 | D:4      | Became a worshipper of Kikubaaqudgha
  4116 | D:5      | Entered Level 5 of the Dungeon
  4149 | D:5      | Learned a level 4 spell: Airstrike
  4489 | D:5      | Reached XP level 6. HP: 27/32 MP: 6/15
  4489 | D:5      | Noticed an ice beast
  4723 | D:5      | Reached skill level 5 in Spellcasting
  4723 | D:5      | Reached skill level 1 in Necromancy
  4928 | D:5      | Killed an ice beast
  4929 | D:5      | Reached skill level 5 in Stealth
  5306 | D:5      | Reached XP level 7. HP: 32/36 MP: 12/17
  5423 | D:6      | Noticed a steam dragon
  5426 | D:6      | Killed a steam dragon
  5712 | D:6      | Noticed Eustachio
  5931 | D:6      | Reached * piety under Kikubaaqudgha
  5931 | D:6      | Received a gift from Kikubaaqudgha
  5936 | D:6      | Reached XP level 8. HP: 41/41 MP: 14/19
  5940 | D:6      | Learned a level 3 spell: Vampiric Draining
  5945 | D:6      | Learned a level 4 spell: Animate Dead
  6020 | D:6      | Reached skill level 5 in Dodging
  6177 | D:6      | Killed Eustachio
  6539 | D:7      | Reached skill level 5 in Air Magic
  7019 | D:7      | HP: 2/41 [centaur/arrow (6)]
  7148 | D:7      | Reached skill level 5 in Necromancy
  7253 | D:7      | Found a staircase to the Ecumenical Temple.
  7284 | Temple   | Entered the Ecumenical Temple
  7500 | D:7      | Reached skill level 5 in Conjurations
  7641 | D:7      | Noticed a two-headed ogre
  7735 | D:7      | Reached XP level 9. HP: 45/45 MP: 13/20
  8281 | D:7      | Learned a level 4 spell: Anguish
  8487 | D:7      | Reached skill level 10 in Stealth
  8751 | D:7      | Killed a two-headed ogre
  9163 | D:8      | Found a staircase to the Lair.
  9703 | D:7      | Reached ** piety under Kikubaaqudgha
 10007 | D:7      | Reached XP level 10. HP: 41/56 MP: 15/24
 12283 | D:9      | Noticed a cyclops
 12289 | D:9      | Killed a cyclops
 12348 | D:9      | Found a stormy altar of Qazlal.
 12355 | D:9      | Found a glowing silver altar of Zin.
 12356 | D:9      | Found a bloodstained altar of Trog.
 12357 | D:9      | Found a blossoming altar of Fedhas.
 12357 | D:9      | Found a sparkling altar of Nemelex Xobeh.
 12357 | D:9      | Found a glowing golden altar of the Shining One.
 12357 | D:9      | Found a shadowy altar of Dithmenos.
 12358 | D:9      | Found a white marble altar of Elyvilon.
 12359 | D:9      | Found a hide-covered altar of Uskayaw.
 12536 | D:9      | Identified the +8 whip of Suicidal Tendencies {spect, rElec
                  | Dex+3}
 12566 | D:9      | Reached skill level 10 in Spellcasting
 12741 | D:9      | Upgraded the game from 0.29.0-7-g18a832c13a to
                  | 0.29.0-11-gd7f09526c8
 12968 | D:10     | Entered Level 10 of the Dungeon
 13011 | D:10     | Reached *** piety under Kikubaaqudgha
 13011 | D:10     | Received a gift from Kikubaaqudgha
 13635 | D:10     | Found a broken altar of Ashenzari.
 13664 | D:10     | Learned a level 5 spell: Borgnjor's Vile Clutch
 14138 | D:10     | Reached skill level 1 in Earth Magic
 14139 | D:10     | Reached XP level 11. HP: 61/61 MP: 11/27
 15529 | D:10     | Found a staircase to the Orcish Mines.
 15619 | D:11     | Noticed a boulder beetle
 15684 | D:11     | Killed a boulder beetle
 16059 | D:11     | Reached **** piety under Kikubaaqudgha
 16456 | D:11     | Noticed an eight-headed hydra
 16461 | D:11     | Killed an eight-headed hydra
 17396 | D:12     | Found Tiyzuidd's Jewellery Shoppe.
 17556 | D:12     | Reached skill level 10 in Necromancy
 18682 | D:13     | Noticed a centaur warrior
 18764 | Lair:1   | Entered Level 1 of the Lair of Beasts
 19166 | Lair:1   | Noticed a seven-headed hydra
 19171 | Lair:1   | Killed a seven-headed hydra
 19172 | Lair:1   | Reached XP level 12. HP: 66/66 MP: 13/30
 19288 | Lair:1   | Identified the +5 quarterstaff of Pimybry {flame, rElec rF+
                  | rC++ Int-2}
 19313 | Lair:1   | Found a transporter.
 19314 | Lair:1   | Noticed GloriousHammer's ghost (novice FeSu)
 19315 | Lair:1   | Noticed Gastronok
 19648 | Lair:1   | Found a transporter.
 19912 | Lair:1   | Killed Gastronok
 20103 | Lair:1   | Reached ***** piety under Kikubaaqudgha
 20892 | Lair:2   | Found a hole to the Spider Nest.
 20934 | Lair:2   | Reached skill level 10 in Air Magic
 20937 | Lair:2   | Noticed a seven-headed hydra
 20946 | Lair:2   | Noticed an eight-headed hydra
 20972 | Lair:2   | Killed a seven-headed hydra
 20974 | Lair:2   | Noticed pigah's ghost (adept OpAE)
 20975 | Lair:2   | Found a runed translucent door.
 21159 | Lair:2   | Killed an eight-headed hydra
 22168 | Lair:3   | Found a runed translucent door.
 22559 | Lair:3   | Found a staircase to the Shoals.
 22568 | Lair:3   | Reached skill level 15 in Stealth
 22568 | Lair:3   | Reached skill level 15 in Spellcasting
 22580 | Lair:3   | Reached XP level 13. HP: 62/70 MP: 15/34
 23075 | Lair:4   | Found a staircase to the Slime Pits.
 23075 | Lair:4   | Found a viscous altar of Jiyva.
 23338 | Lair:4   | Reached ****** piety under Kikubaaqudgha
 23391 | Lair:4   | Reached skill level 1 in Evocations
 23758 | Lair:5   | Entered Level 5 of the Lair of Beasts
 24126 | Lair:5   | Reached skill level 5 in Fighting
 24991 | Lair:5   | Received a gift from Kikubaaqudgha
 25189 | Lair:5   | Learned a level 6 spell: Death Channel
 25271 | Lair:5   | Reached XP level 14. HP: 80/80 MP: 14/35
 26527 | Orc:1    | Entered Level 1 of the Orcish Mines
 26719 | Orc:2    | Entered Level 2 of the Orcish Mines
 27640 | Orc:2    | Found a staircase to the Elven Halls.
 27719 | Orc:2    | Reached skill level 5 in Evocations
 27973 | Orc:2    | Reached skill level 10 in Dodging
 28000 | Orc:2    | Noticed an orc warlord
 28034 | Orc:1    | Slain by an orc warlord

Illustrated notes

Levels and vault maps discovered:
D:1:      dpeg_arrival_fog, layout_loops_ring
D:2:      layout_loops_ring, serial_bayou_lake_a
D:3:      layout_basic, serial_shops, shop_coins
D:4:      layout_rooms, grunt_temple_overflow_magic_moments, uniq_grinder
D:5:      layout_cave_pools
D:6:      layout_basic, hangedman_abyss_or_decor_stagger, corexii_checkpoint_a,
          minmay_misc_feat_more_columns, uniq_eustachio
D:7:      layout_gridville, minmay_temple_entry_antechambers
D:8:      layout_rooms, due_lair_maze_entry_diamond, minmay_misc_feat_alley,
          serial_bayou_pond_d
D:9:      layout_stronghold, minitemple, chequers_serial_rivers_small_b
D:10:     layout_long_grid, amcnicky_altar_gilded, david_orc_4
D:11:     layout_irregular_city, nicolae_hexahallways, grunt_decor_junction
D:12:     layout_basic, serial_shops, nicolae_stop_n_shop_2
D:13:     layout_roguey, serial_undead, serial_undead_a, serial_undead_d,
          serial_undead_b, serial_undead_c, serial_undead_b, serial_undead_d,
          minmay_statue_bubble, uniq_azrael, uniq_erolcha
Temple:   hellmonk_temple_forest_ring
Lair:1:   lemuel_ratsnest, layout_misc_corridors,
          gammafunk_ghost_berserking_beasts, st_stairs_8, uniq_gastronok
Lair:2:   layout_misc_corridors, spider_nest_entry_webs,
          hellmonk_ghost_happy_afterlife, grunt_forest_large_clearings
Lair:3:   gammafunk_mikee_crab_dinner, layout_misc_corridors,
          elwin_shoals_entry_stream, grunt_megastairs_2
Lair:4:   layout_long_grid, slime_entry_1
Lair:5:   hangedman_lair_tendril_chambers, layout_long_grid,
          nicolae_volcano_entry_batcave, infiniplex_staircase_pool
Orc:1:    layout_caves, uniq_josephine
Orc:2:    st_orc_congregation, layout_caves

Skill      XL: |  1  2  3  4  5  6  7  8  9 10 11 12 13 14 |
---------------+-------------------------------------------+-----
Stealth        | 3 4 5 6 8 10 12 15 | 15.0
Dodging        | 3 4 5 8 10 | 10.0
Conjurations   | 2 3 5 |  5.0
Spellcasting   | 4 5 6 8 10 12 15 | 15.0
Air Magic      | 4 5 7 9 10 | 10.4
Necromancy     | 1 2 5 7 8 10 12 13 | 13.0
Fighting       | 4 6 7 |  7.5
Earth Magic    | 1 4 |  4.0
Evocations     | 4 5 |  5.0

Action                   |  1- 3 |  4- 6 |  7- 9 | 10-12 | 13-15 || total
-------------------------+-------+-------+-------+-------+-------++-------
Melee: Unarmed           |     1 |       |     2 |    27 |     1 ||    31
       Staff             |       |       |       |       |     5 ||     5
 Cast: Shock             |    78 |    67 |    58 |    47 |     1 ||   251
       Static Discharge  |     7 |    35 |    24 |    80 |    11 ||   157
       Swiftness         |       |     2 |     2 |     2 |     2 ||     8
       Airstrike         |       |     1 |    76 |   281 |   172 ||   530
       Animate Dead      |       |       |     6 |    13 |    10 ||    29
       Borgnjor's Vile C |       |       |       |    89 |   103 ||   192
       Death Channel     |       |       |       |       |     4 ||     4
Invok: Unearth Wretches  |       |       |       |     1 |     1 ||     2
       Receive Forbidden |       |       |       |       |     1 ||     1
Evoke: Wand              |       |       |       |       |     2 ||     2
       Box of beasts     |       |       |       |       |     1 ||     1
  Use: Potion            |       |     1 |       |     1 |       ||     2
       Scroll            |       |     5 |     6 |     9 |     4 ||    24
 Stab: Distracted        |       |       |       |     2 |       ||     2
       Paralysed         |       |       |       |       |     1 ||     1
Armor: Robe              |     4 |     3 |     8 |     1 |       ||    16
       Steam dragon scal |       |       |       |    20 |    13 ||    33
Dodge: Dodged            |    19 |    14 |    41 |    69 |    42 ||   185
